 Dungeon Crawl Stone Soup version 0.29.0-15-g675c0067aa (webtiles) character file.

Game seed: 14153900101905534330

51 qw the Chopper (level 3, 0/23 HPs)
             Began as a Gargoyle Fighter on Sept 12, 2022.
             Slain by a gnoll
             ... wielding a +0 halberd
              (1 damage)
             ... on level 3 of the Dungeon.
             The game lasted 00:00:27 (1772 turns).

qw the Chopper (Gargoyle Fighter)                   Turns: 1772, Time: 00:00:28

Health: 0/23       AC: 10    Str: 21    XL:     3   Next: 81%
Magic:  3/3        EV:  9    Int:  8    God:
Gold:   91         SH:  4    Dex:  9    Spells: 2/2 levels left

rFire   . . .      SeeInvis .   Y - +0 war axe
rCold   . . .      Faith    .   c - +0 buckler
rNeg    + . .      Spirit   .   b - +0 scale mail
rPois   inf        Reflect  .   (no helmet)
rElec   +          Harm     .   (no cloak)
rCorr   .          Rampage  .   (no gloves)
Will    .....                   (no boots)
Stlth   ..........              (no amulet)
HPRegen 0.07/turn               (no ring)
MPRegen 0.08/turn               (no ring)

@: about to teleport
A: sickness immunity, AC +3, negative energy resistance 1, electricity
resistance, torment resistance 1, petrification resistance
a: no special abilities


You were on level 3 of the Dungeon.
You visited 1 branch of the dungeon, and saw 3 of its levels.

You collected 91 gold pieces.


Innate Abilities, Weirdness & Mutations

You are immune to sickness and miasma.
Your stone body is resilient. (AC +3)
You are immune to poison.
You resist negative energy. (rN+)
You are resistant to electric shocks. (rElec)
You are resistant to unholy torment.
You are immune to petrification.


   Skills:
 - Level 3.2 Fighting
 + Level 3.6 Axes
 - Level 3.2 Armour
 - Level 3.2 Shields


You had 2 spell levels left.
You didn't know any spells.
Your spell library was empty.

Inventory:

Hand Weapons
 h - a +0 whip
 Y - a +0 war axe (weapon)
Missiles
 e - 5 boomerangs (quivered)
Armour
 b - a +0 scale mail (worn)
 c - a +0 buckler (worn)
Scrolls
 g - a scroll of immolation {unknown}
 i - 2 scrolls of identify
Potions
 a - 3 potions of attraction {unknown}
 d - a potion of might
 f - 3 potions of curing
 j - a potion of degeneration {unknown}
 k - a potion of brilliance {unknown}
 l - 2 potions of berserk rage {unknown}
 m - a potion of invisibility {unknown}

Dungeon Overview and Level Annotations

Branches:
Dungeon (3/15)

Altars:


Message History

You kill the kobold!
n - a scroll of teleportation
Found a There-And-Back Book.
A giant cockroach comes into view.
A sourceless malevolence fills the Dungeon...
You fall into a shaft and drop 1 floor!
The shaft crumbles and collapses.
Found a leather armour, a hand axe and 3 stones.
Found a faded altar of an unknown god.
Existing waypoints: (1) D:2 (2) D:1 Assign waypoint to what number? (0-9, D - delete waypoint) Waypoint 2 re-assigned from D:1 to D:3.
You open the door.
An ogre and a gnoll come into view.
The ogre shouts!
The gnoll shouts!
You hear a shout!
A gnoll comes into view. It is wielding a +0 club.
You hear a shout!
Found an escape hatch in the floor.
Found a stone staircase leading up.
Enter note: A gnoll comes into view. It is wielding a +0 halberd.
1766 ||| Stepping ~*~*~tactically~*~*~ (hiding).
1767 ||| Stepping ~*~*~tactically~*~*~ (hiding).
You barely miss the ogre. The ogre completely misses you.
You hit the ogre.
The ogre is lightly wounded.
The ogre hits you with a +0 giant club!
Ouch! That really hurt!
You slash the ogre!
The ogre is heavily wounded.
The ogre hits you with a +0 giant club.
1771 ||| READING scroll of teleportation.
As you read the scroll of teleportation, it crumbles to dust.
You feel strangely unstable. The gnoll hits you with a +0 whip.
You slash the ogre!
You kill the ogre!
You slash the gnoll!
The gnoll hits you from afar with a +0 halberd.
You die...

###### #....#
#....#########
#............# #####
#######..........g.#......
......+.........@)gg<.....
#.##.##............#.....>
...#.##............# .....
._...##....######### ..g.
...#.##....# g..
#.##..#....# ..
..(........# .
############


You could see 3 gnolls.

Vanquished Creatures
  An ogre (D:3)
  An adder (D:2)
  A dart slug (D:1)
  A bat (D:2)
  4 endoplasms
  3 giant cockroaches
  5 goblins
  8 hobgoblins
  5 kobolds
  2 ball pythons (D:1)
  4 frilled lizards
  A rat (D:1)
36 creatures vanquished.

Vanquished Creatures (others)
  3 plants (D:2)
3 creatures vanquished.

Grand Total: 39 creatures vanquished

Notes
Turn   | Place    | Note
-------+----------+-------------------------------------------
     0 | D:1      | qw the Gargoyle Fighter began the quest for the Orb.
     0 | D:1      | Reached XP level 1. HP: 14/14 MP: 1/1
     0 | D:1      | 0 ||| qw: Version: 0.1-a-119-g272c26d
     0 | D:1      | 0 ||| qw: Game counter: 10996
     0 | D:1      | 0 ||| qw: Always use a shield: true
     0 | D:1      | 0 ||| qw: God list: Okawaru
     0 | D:1      | 0 ||| qw: Allow faded altars: false
     0 | D:1      | 0 ||| qw: Do Orc after D:15 true
     0 | D:1      | 0 ||| qw: Do second Lair branch before Depths: true
     0 | D:1      | 0 ||| qw: Lair rune preference: random
     0 | D:1      | 0 ||| qw: Plans: Normal, Zot, God:TSO, Crypt, Tomb, Pan,
                  | Slime, Hells, Zig, Abyss, Orb
     0 | D:1      | 0 ||| PLANNING D:1-11
    33 | D:1      | HP: 2/14 [frozen (3)]
    39 | D:1      | HP: 1/14 [ball python (1)]
    41 | D:1      | Reached XP level 2. HP: 2/19 MP: 2/2
   630 | D:1      | Reached skill level 3 in Axes
   768 | D:1      | Reached XP level 3. HP: 23/23 MP: 3/3
  1140 | D:1      | 1140 ||| READING scroll labelled CISTRE LUHUR.
  1141 | D:1      | 1141 ||| READING 2 scrolls labelled JOTHAK PAUKA.
  1142 | D:1      | 1142 ||| READING scroll labelled DIALEFI MYRPH.
  1146 | D:1      | 1146 ||| DRINKING 2 smoky clear potions.
  1302 | D:2      | 1302 ||| Stepping ~*~*~tactically~*~*~ (stealth).
  1304 | D:2      | 1304 ||| Stepping ~*~*~tactically~*~*~ (stealth).
  1742 | D:2      | You fall into a shaft and drop 1 floor!
  1742 | D:3      | Found a faded altar of an unknown god.
  1764 | D:3      | Noticed an ogre
  1766 | D:3      | 1766 ||| Stepping ~*~*~tactically~*~*~ (hiding).
  1767 | D:3      | 1767 ||| Stepping ~*~*~tactically~*~*~ (hiding).
  1770 | D:3      | HP: 4/23 [ogre/+0 giant club (4)]
  1771 | D:3      | 1771 ||| READING scroll of teleportation.
  1771 | D:3      | HP: 1/23 [gnoll/+0 whip (3)]
  1772 | D:3      | Killed an ogre
  1772 | D:3      | Slain by a gnoll

Levels and vault maps discovered:
D:1:      wander_arrival_chamber, layout_loops_ring, supply_closet_lemuel
D:2:      layout_loops_cross, serial_forest, infiniplex_forest_clump_double,
          infiniplex_forest_lined_room_3, infiniplex_forest_straight_5,
          infiniplex_forest_zigzag_1, infiniplex_forest_clump_small,
          infiniplex_forest_straight_3, infiniplex_forest_lined_corner,
          chequers_serial_rivers_marsh
D:3:      layout_basic, nemelex_spade_bored_becter, ebering_ecumenical_altar_box

Skill      XL: |  1  2 |
---------------+-------+-----
Axes           | 2 3 |  3.6
Fighting       | |  3.2
Armour         | |  3.2
Shields        | |  3.2

Action                   || total
-------------------------++-------
Melee: War axe           ||    71
Throw: Boomerang         ||    35
  Use: Scroll            ||     4
       Potion            ||     1
Armor: Scale mail        ||    26
Dodge: Dodged            ||    33
Block: Buckler           ||    11

Table legend:
 A = Non-vault XP
 B = Vault XP
 C = Vault XP percentage of total XP
 D = Non-vault monster count
 E = Vault monster count
 F = Vault count percentage of total count
                 A         B        C        D         E       F
            +---------+---------+-------+---------+---------+-------
      Total |     191 |       0 |   0.0 |      36 |       0 |   0.0
            +---------+---------+-------+---------+---------+-------
        D:1 |      41 |       0 |   0.0 |      23 |       0 |   0.0
        D:2 |      32 |       0 |   0.0 |      12 |       0 |   0.0
        D:3 |     118 |       0 |   0.0 |       1 |       0 |   0.0
            +---------+---------+-------+---------+---------+-------
